 Dungeon Crawl Stone Soup version 0.27-a0-951-gae3e1deef5 (webtiles) character file.

Game seed: 9087984370954840629

360 polve the Distorting Demonspawn (level 6, 0/47 HPs)
             Began as a Demonspawn Abyssal Knight on Apr 11, 2021.
             Was a Believer of Lugonu.
             Succumbed to a killer bee's poison
             ... on level 4 of the Dungeon.
             The game lasted 00:03:41 (3960 turns).

polve the Distorting Demonspawn (DsAK)              Turns: 3960, Time: 00:03:42

Health: 0/47       AC:  8    Str: 12 (14) XL:     6   Next: 38%
Magic:  9/9        EV: 10    Int: 11 (13) God:    Lugonu [**....]
Gold:   134        SH:  0    Dex: 12 (13) Spells: 5/5 levels left

rFire    + . .     SeeInvis +   a - +1 short sword
rCold    + . .     Faith    +   (no shield)
rNeg     . . .     Spirit   .   k - +0 ring mail
rPois    +         Reflect  .   f - +2 hat
rElec    +         Harm     .   (no cloak)
rCorr    +         Rampage  .   s - +0 pair of gloves
Will     .....                  (no boots)
Stlth    ++........             l - amulet of faith
HPRegen  0.15/turn              d - ring of see invisible
MPRegen  0.11/turn              u - ring of resist corrosion

@: lethally poisoned (0 -> -13), resistant, flying, hasted, very quick
A: claws 1, talons 1, demonic guardian 1
a: Renounce Religion, Depart the Abyss, Bend Space


You were on level 4 of the Dungeon.
You worshipped Lugonu.
Lugonu was pleased with you.
You visited 1 branch of the dungeon, and saw 4 of its levels.
You visited the Abyss 1 time.

You collected 134 gold pieces.

Inventory:

Hand Weapons
 a - a +1 short sword (weapon)
Armour
 b - a +0 leather armour
 f - a +2 hat (worn)
 k - a +0 ring mail (worn)
 s - a +0 pair of gloves (worn)
Jewellery
 d - a ring of see invisible (left hand)
 l - an amulet of faith (around neck)
 u - a ring of resist corrosion (right hand)
Wands
 v - a wand of acid (9)
Scrolls
 c - 2 scrolls of holy word {unknown}
 e - a scroll of fog {unknown}
 g - 5 scrolls of identify {unknown}
 i - 3 scrolls of enchant weapon {unknown}
 m - a scroll of immolation {unknown}
 o - 2 scrolls of amnesia {unknown}
 q - a scroll of fear {unknown}
Potions
 n - a potion of degeneration
 r - a potion of lignification {unknown}
 t - a potion of might {unknown}


   Skills:
 - Level 3.0 Fighting
 - Level 4.0 Short Blades
 - Level 1.7 Armour
 - Level 0.8 Dodging
 - Level 4.0 Stealth
 + Level 4.7 Invocations


You had 5 spell levels left.
You didn't know any spells.
Your spell library was empty.

Dungeon Overview and Level Annotations

Branches:
Dungeon (4/15)
 Temple: D:4-7

Altars:
The Shining One


Innate Abilities, Weirdness & Mutations

You have sharp fingernails.
You have sharp toenails.
A weak demonic guardian rushes to your aid.


Message History

You are too injured to fight recklessly!
You are too injured to fight recklessly!
You are too injured to fight recklessly!
You are too injured to fight recklessly!
You are too injured to fight recklessly!
You are too injured to fight recklessly!
You are too injured to fight recklessly!
You feel very sick. The killer bee stings you.
You are more poisoned.
The killer bee poisons you! The killer bee closely misses you.
You feel very sick. The killer bee misses you.
The killer bee closely misses you.
You feel very sick.
The killer bee stings you but does no damage.
The killer bee stings you. The killer bee closely misses you.
You feel sick.
The killer bee stings you but does no damage.
Okay, then.
It was a potion of degeneration.
There was something very wrong with that liquid.
You feel weakened.
You feel dopey.
You feel clumsy.
You feel sick.
The killer bee stings you but does no damage.
The killer bee stings you.
* * * LOW HITPOINT WARNING * * *
It was a potion of resistance.
You feel protected.
You feel sick. The killer bee barely misses you. The killer bee misses you.
It was a potion of haste.
You feel yourself speed up.
You feel sick. The killer bee stings you.
* * * LOW HITPOINT WARNING * * *
A demonic guardian appears!
You are lethally poisoned!
The killer bee poisons you! The killer bee stings you.
* * * LOW HITPOINT WARNING * * *
It was a potion of flight.
You feel very buoyant.
You fly up into the air.
You die...

... #....... # #.#
#..#.... . #.# ##...... #
. +#.#+ ##...#.###...
...###...###........#.#.
.......8.........##.#..#
..###.5.###.....##.....
+#.#+ ##.......##.# #@#
##.>.##.##.# ##y##
#......##.# ##.yy##
#...#..##.#
#..####.....####...##.....
#.................###...#.
#.####.##.#######.# #..###
... #.........###..###
###. ####.............. #.
...##...........


You could see 3 killer bees and a friendly quasit (summoned).

Vanquished Creatures
  A black bear (D:4)
  2 vampire bats (D:3)
  An orc priest (D:3)
  A bullfrog skeleton (D:3)
  Robin (D:2)
  2 adders
  A dart slug (D:2)
  7 orcs
  8 endoplasms
  4 giant cockroaches
  4 hobgoblins
  10 jackals
  3 quokkas (D:3)
  9 ball pythons
  14 bats
  2 frilled lizards (D:2)
  10 goblins
  3 kobolds
  4 rats
87 creatures vanquished.

Vanquished Creatures (collateral kills)
  A gnoll (D:1)
  A goblin (D:2)
  2 hobgoblins
4 creatures vanquished.

Grand Total: 91 creatures vanquished

Notes
Turn   | Place    | Note
-------+----------+-------------------------------------------
     0 | Abyss:1  | polve the Demonspawn Abyssal Knight began the quest for the
                  | Orb.
     0 | Abyss:1  | Reached XP level 1. HP: 18/18 MP: 2/2
     5 | Abyss:1  | Found a corrupted altar of Lugonu.
    40 | Abyss:1  | Found a corrupted altar of Lugonu.
    94 | Abyss:1  | Noticed a tentacled starspawn
    95 | D:1      | Escaped the Abyss
   623 | D:1      | Gained mutation: A weak demonic guardian rushes to your
                  | aid. [demonic ancestry]
   623 | D:1      | Reached XP level 2. HP: 20/24 MP: 3/3
   679 | D:1      | HP: 1/24 [gnoll/+0 flail (12)]
  1554 | D:1      | Reached * piety under Lugonu
  1609 | D:1      | Reached XP level 3. HP: 29/29 MP: 4/4
  1753 | D:1      | Found a faded altar of an unknown god.
  1908 | D:2      | Noticed Robin
  1989 | D:2      | Killed Robin
  2611 | D:2      | Gained mutation: You have sharp toenails. [demonic
                  | ancestry]
  2611 | D:2      | Reached XP level 4. HP: 35/35 MP: 5/5
  2890 | D:3      | Reached skill level 1 in Stealth
  3152 | D:3      | Reached ** piety under Lugonu
  3462 | D:3      | Reached XP level 5. HP: 40/41 MP: 6/6
  3593 | D:4      | Noticed a black bear
  3839 | D:4      | Gained mutation: You have sharp fingernails. [demonic
                  | ancestry]
  3839 | D:4      | Reached XP level 6. HP: 45/47 MP: 8/8
  3959 | D:4      | HP: 1/47 [killer bee (4)]
  3960 | D:4      | Succumbed to a killer bee's poison

Illustrated notes

Levels and vault maps discovered:
D:1:      dpeg_arrival_refuge, layout_loops_corners,
          shapermc_ecumenical_altar_hornbeckon
D:2:      layout_basic, uniq_robin
D:3:      layout_rooms, marbit_many_paths, roderic_batcave
D:4:      cheibrodos_barr_body, layout_rooms,
          minmay_temple_entry_drinking_statues, minmay_box_of_dots

Skill      XL: |  1  2  3  4  5  6 |
---------------+-------------------+-----
Short Blades   | 2 3 4 |  4.0
Stealth        | 3 4 |  4.0
Invocations    | 3 4 |  4.7
Fighting       | |  3.0
Armour         | |  1.7
Dodging        | |  0.8

Action                   |  1- 3 |  4- 6 || total
-------------------------+-------+-------++-------
Melee: Short sword       |   162 |   133 ||   295
       Kick              |       |    30 ||    30
Invok: Depart the Abyss  |     1 |       ||     1
  Use: Scroll            |     1 |       ||     1
       Potion            |       |     4 ||     4
 Stab: Distracted        |       |     1 ||     1
Armor: Leather armour    |    14 |       ||    14
       Ring mail         |    49 |   100 ||   149
Dodge: Dodged            |    83 |   117 ||   200

Table legend: (Time is in decaauts)
 A = Elapsed time spent in this place.
 B = Non-inter-level travel time spent in this place.
 C = Inter-level travel time spent in this place.
 D = Time resting spent in this place.
 E = Time spent auto-exploring this place.
 F = Levels seen in this place.
 G = Mean time per level.
                   A        B        C        D        E       F      G
               +--------+--------+--------+--------+--------+-----+--------+
         Total |   3944 |   3846 |     98 |      7 |   3216 |   5 |  788.8 |
       Dungeon |   3849 |   3751 |     98 |      7 |   3123 |   4 |  962.2 |
         Abyss |     95 |     95 |      0 |      0 |     93 |   1 |   95.0 |
               +--------+--------+--------+--------+--------+-----+--------+

Top non-repeatable levels by time:
     D:1: 1985 daAuts
     D:3: 953 daAuts
     D:2: 747 daAuts
     D:4: 163 daAuts
 Abyss:1: 95 daAuts
